 Dungeon Crawl Stone Soup version 0.28.0 (webtiles) character file.

Game seed: 13694170356023485244

39314 pkoi the Stormcaller (level 13, -11/86 HPs)
             Began as a Pale Draconian Air Elementalist on Feb 15, 2022.
             Was an Elder of Dithmenos.
             Killed from afar by a rime drake (22 damage)
             ... with a flash freeze
             ... on level 6 of the Lair of Beasts.
             The game lasted 00:36:11 (25414 turns).

pkoi the Stormcaller (DrAE)                        Turns: 25414, Time: 00:36:11

Health: -11/86     AC: 12    Str: 11    XL:     13   Next: 68%
Magic:  7/34       EV: 12    Int: 21    God:    Dithmenos [****..]
Gold:   940        SH:  5    Dex: 11    Spells: 8/29 levels left

rFire   . . .      SeeInvis .   l - staff of air
rCold   . . .      Faith    .   (no shield)
rNeg    . . .      Spirit   .   (armour unavailable)
rPois   +          Reflect  +   (helmet restricted)
rElec   +          Harm     .   (no cloak)
rCorr   .          Rampage  .   J - +2 pair of gloves {Stlth+}
Will    .....                   e - +0 pair of boots
Stlth   ++++......              K - amulet of Lotuezxe {Reflect rElec SH+5}
HPRegen 0.24/turn               c - ring of magical power
MPRegen 0.24/turn               D - ring of poison resistance

@: about to teleport, wreathed by umbra
A: breathe steam, AC +8, unfitting armour, cold-blooded, steam resistance
a: Breathe Steam, Renounce Religion, Shadow Step


You were on level 6 of the Lair of Beasts.
You worshipped Dithmenos.
Dithmenos was greatly pleased with you.
You visited 3 branches of the dungeon, and saw 17 of its levels.

You collected 1171 gold pieces.
You spent 231 gold pieces at shops.

Inventory:

Hand Weapons
 a - a +0 short sword
 o - a +5 trident of freezing
 x - a +1 whip of flaming
Missiles
 b - 4 silver javelins
 i - 4 throwing nets
Armour
 d - an orb of energy
 e - a +0 pair of boots (worn)
 J - a +2 pair of gloves of stealth (worn)
Magical Staves
 l - a staff of air (weapon)
Jewellery
 c - a ring of magical power (left hand)
 g - an amulet of regeneration
 v - a ring of protection from fire
 D - a ring of poison resistance (right hand)
 F - a +6 ring of dexterity
 K - the amulet of Lotuezxe (around neck) {Reflect rElec SH+5}
   (You found it on level 2 of the Lair of Beasts)

   [amulet of reflection]

   It reflects blocked missile attacks.
   rElec:     It insulates you from electricity.
   SH:        It affects your SH (+5).
Wands
 h - a wand of polymorph (7)
 k - a wand of flame (49)
 u - a wand of digging (6)
 w - a wand of acid (16)
 G - a wand of iceblast (18)
 N - a wand of paralysis (5)
Scrolls
 f - a scroll of enchant weapon
 j - a scroll of holy word
 p - 4 scrolls of amnesia
 q - 3 scrolls of teleportation
 y - 2 scrolls of enchant armour
 B - a scroll of summoning
 I - a scroll of blinking
Potions
 m - 5 potions of heal wounds
 n - a potion of brilliance
 s - 2 potions of resistance
 t - 4 potions of haste
 z - 3 potions of curing
 C - 5 potions of lignification
 E - 2 potions of might
 H - a potion of flight
 L - 2 potions of invisibility
 M - a potion of cancellation


   Skills:
 - Level 1.7 Dodging
 - Level 1.7 Stealth
 + Level 8.7 Spellcasting
 - Level 5.4 Conjurations
 + Level 4.3 Summonings
 - Level 6.7 Ice Magic
 + Level 18.3 Air Magic
 + Level 11.6 Evocations


You had 8 spell levels left.
You knew the following spells:

 Your Spells              Type           Power      Damage    Failure   Level
a - Freezing Cloud        Conj/Ice/Air   33%        6-21      3%          5
b - Swiftness             Air            92%        N/A       0%          3
c - Airstrike             Air            46%        N/A       1%          4
d - Summon Lightning Spi  Summ/Air       71%        N/A       1%          4
e - Lightning Bolt        Conj/Air       36%        1d54      1%          5

Your spell library contained the following spells:

 Spells                   Type           Power      Damage    Failure   Level
 Shock                    Conj/Air       100%       1d9       1%          1
 Static Discharge         Conj/Air       73%        N/A       1%          2
 Frozen Ramparts          Ice            74%        1d9       1%          3
 Ensorcelled Hibernation  Hex/Ice        46%        N/A       2%          2
 Conjure Flame            Conj/Fire      20%        6-21      7%          3
 Beastly Appendage        Tmut           18%        N/A       8%          1
 Slow                     Hex            36%        N/A       8%          1
 Summon Ice Beast         Ice/Summ       32%        N/A       8%          4
 Sublimation of Blood     Necr           9%         N/A       11%         2
 Wereblood                Tmut           9%         N/A       11%         2
 Ice Form                 Ice/Tmut       23%        N/A       19%         4
 Confusing Touch          Hex            9%         N/A       22%         3
 Ignite Poison            Fire/Tmut/Pois 9%         N/A       22%         3
 Spider Form              Tmut/Pois      9%         N/A       22%         3
 Tukima's Dance           Hex            9%         N/A       22%         3
 Vampiric Draining        Necr           9%         2d6       22%         3
 Sticky Flame             Conj/Fire      20%        2d4       24%         4
 Irradiate                Conj/Tmut      10%        3d16      54%         5
 Anguish                  Hex/Necr       4%         N/A       58%         4
 Olgreb's Toxic Radiance  Pois           9%         N/A       58%         4
 Petrify                  Tmut/Erth      9%         N/A       58%         4
 Yara's Violent Unravell  Hex/Tmut       4%         3d4       90%         5
 Simulacrum               Ice/Necr       11%        N/A       96%         6
 Ozocubu's Refrigeration  Ice            18%        4d8       99%         7
 Enfeeble                 Hex            4%         N/A       100%        7
 Ignition                 Fire           4%         3d4       100%        8
 Polar Vortex             Ice            18%        N/A       100%        9


Dungeon Overview and Level Annotations

Branches:
Dungeon (10/15)            Temple (1/1) D:7            Lair (6/6) D:10
 Shoals (0/4) Lair:4       Spider (0/4) Lair:2        Slime (0/5) Lair:5
    Orc: D:9-12

Altars:
Ashenzari
Cheibriados
Dithmenos
Elyvilon
Fedhas
Gozag
Hepliaklqana
Kikubaaqudgha
Makhleb
Nemelex Xobeh
Okawaru
Qazlal
Ru
Sif Muna
Trog
Uskayaw
Vehumet
Wu Jian
Xom
Yredelemnul
Zin
The Shining One

Shops:
D:8 [

Annotations:
D:4 1 runed translucent door, Crazy Yiuf
Lair:2 1 runed translucent door, Ramargh's ghost, journeyman TrBe
Lair:3 1 runed translucent door, mrw3rdna's ghost, journeyman OgFE


Innate Abilities, Weirdness & Mutations

You can breathe blasts of scalding, opaque steam.
Your pale cyan-grey scales are hard. (AC +8)
You cannot fit into any form of body armour.
You are cold-blooded and may be slowed by cold attacks.
You are immune to the effects of steam.


Message History

A polar bear comes into view.
You feel sick.
The rime drake is engulfed in freezing vapours.
Your lightning spire is engulfed in freezing vapours.
The ice encasing you melts away.
You feel sick.
Your lightning spire is engulfed in freezing vapours.
You block the water moccasin's attack.
Unknown command.
You feel sick. You block the elephant's attack.
The elephant trunk-slaps you but does no damage.
You feel sick.
The elephant trumpets!
The elephant barely misses you. The elephant closely misses you.
Your lightning spire is engulfed in freezing vapours.
The water moccasin barely misses you.
There is a stone staircase leading up here.
You feel sick.
You are no longer poisoned.
The elephant trumpets!
The elephant tramples you.
* * * LOW HITPOINT WARNING * * *
You stumble backwards!
You stop ascending the stairs.
Your lightning spire is engulfed in freezing vapours.
Unknown command.
Unknown command.
As you read the scroll of teleportation, it crumbles to dust.
You feel strangely unstable.
The water moccasin bites you but does no damage.
The elephant misses you. The elephant closely misses you.
Your lightning spire is engulfed in freezing vapours.
The elephant closely misses you.
The elephant trunk-slaps you but does no damage.
You block the water moccasin's attack.
A water moccasin comes into view.
You block the elephant's attack.
The elephant trunk-slaps you but does no damage.
The rime drake breathes ice at you. The flash freeze hits you!!
You die...

... ##lYYY8..k.#
..##....####....#
#.....# ....##
#.☼.####### #...#.
.#.#.8☼§##...###....#
..................S..
..8.....8..<..8.....8
.........h..YYYF.....
.#.#...###.Sk@.#...#
.. #..†# #..####...#
. ..#...#######.Y.#
...#....#.#......# ..
....l..8..Y.#
..........Y# #.<..#
##..#..... ..... ...


You could see 3 elephants, a polar bear, a cane toad, a rime drake (catching
breath) and 2 water moccasins.

Vanquished Creatures
  Josephine (Lair:5)
  A boulder beetle (Lair:2)
  5 hydras
  11 death yaks
  3 two-headed ogres
  A necromancer (Lair:4)
  Pikel (D:4)
  2 oklob plants (Lair:2)
  A wolf spider (Lair:4)
  A manticore (Lair:4)
  4 elephants (Lair:4)
  5 black mambas
  Maggie (D:7)
  12 cane toads
  4 rime drakes
  7 komodo dragons
  A polar bear (Lair:5)
  A troll (D:6)
  Grinder (D:4)
  A wind drake (Lair:4)
  2 hornets
  8 blink frogs
  2 shadows
  30 yaks
  3 wraiths (Lair:5)
  3 wyverns
  2 basilisks
  2 steam dragons
  6 water moccasins
  4 orc warriors
  3 ice beasts
  3 ogres
  A centaur (D:8)
  15 wolves
  2 phantoms (D:4)
  13 bullfrogs
  A water moccasin skeleton (D:4)
  A wyvern skeleton (D:6)
  8 wights
  4 electric eels
  3 centaur zombies (D:9)
  6 jellies
  3 lava snakes (Lair:1)
  A centaur skeleton (D:5)
  2 hounds
  An orc priest (D:5)
  A gnoll shaman (D:5)
  6 iguanas
  Ijyb (D:4)
  Natasha (thrice) (D:2)
  A bullfrog skeleton (D:7)
  7 orc wizards
  A scorpion zombie (D:5)
  2 polar bear simulacra (Lair:4)
  2 wolf simulacra (Lair:4)
  7 gnolls
  18 adders
  2 shadow imps
  A worm (D:2)
  6 dart slugs
  20 orcs
  3 bats
  8 endoplasms
  2 giant cockroaches
  7 hobgoblins
  6 jackals
  5 quokkas
  6 ball pythons
  A frilled lizard (D:2)
  9 goblins
  9 kobolds
  2 rats
  3 river rat simulacra (Lair:4)
  A bush (Lair:4)
333 creatures vanquished.

Vanquished Creatures (collateral kills)
  A death yak (Lair:5)
  A yak simulacrum (Lair:4)
  A polar bear simulacrum (Lair:4)
  An endoplasm (Lair:4)
  2 river rat simulacra (Lair:4)
6 creatures vanquished.

Vanquished Creatures (others)
  56 fungi
  102 plants
158 creatures vanquished.

Grand Total: 497 creatures vanquished

Notes
Turn   | Place    | Note
-------+----------+-------------------------------------------
     0 | D:1      | pkoi the Draconian Air Elementalist began the quest for the
                  | Orb.
     0 | D:1      | Reached XP level 1. HP: 14/14 MP: 3/3
   957 | D:1      | Reached XP level 2. HP: 20/20 MP: 5/5
  1512 | D:1      | Reached skill level 1 in Evocations
  1559 | D:2      | Reached XP level 3. HP: 26/26 MP: 6/6
  1563 | D:2      | Reached skill level 4 in Air Magic
  1819 | D:2      | Noticed Natasha
  1827 | D:2      | Killed Natasha
  1828 | D:2      | Reached XP level 4. HP: 27/33 MP: 7/7
  1898 | D:2      | Learned a level 3 spell: Swiftness
  1926 | D:2      | Noticed Natasha
  1941 | D:2      | Killed Natasha
  2107 | D:2      | Reached XP level 5. HP: 38/38 MP: 8/8
  2111 | D:2      | Noticed Natasha
  2113 | D:2      | Learned a level 4 spell: Airstrike
  2121 | D:2      | Killed Natasha
  3010 | D:3      | Found a faded altar of an unknown god.
  3109 | D:3      | Found a snail-covered altar of Cheibriados.
  3264 | D:4      | Noticed a phantom
  3272 | D:4      | Killed a phantom
  3273 | D:4      | Reached skill level 5 in Air Magic
  3273 | D:4      | Reached XP level 6. HP: 45/45 MP: 10/10
  3413 | D:4      | Noticed Ijyb
  3431 | D:4      | Killed Ijyb
  3832 | D:4      | Noticed Grinder
  3850 | D:4      | Killed Grinder
  3851 | D:4      | Your scales start taking on a pale cyan-grey colour.
  3851 | D:4      | Reached skill level 6 in Air Magic
  3851 | D:4      | Reached XP level 7. HP: 49/50 MP: 10/11
  3851 | D:4      | Gained mutation: You are immune to the effects of steam.
                  | [Pale Draconian growth]
  4083 | D:4      | Noticed Pikel
  4119 | D:4      | Killed Pikel
  4120 | D:4      | Reached skill level 7 in Air Magic
  4120 | D:4      | Reached skill level 5 in Evocations
  4120 | D:4      | Reached XP level 8. HP: 38/57 MP: 12/12
  4401 | D:4      | Found a runed translucent door.
  4402 | D:4      | Noticed Crazy Yiuf
  4464 | D:4      | Found a basalt altar of Yredelemnul.
  4465 | D:4      | Found a sacrificial altar of Ru.
  4466 | D:4      | Found a shadowy altar of Dithmenos.
  4467 | D:4      | Found an opulent altar of Gozag.
  4602 | D:4      | Became a worshipper of Dithmenos the Shadowed
  4642 | D:5      | Entered Level 5 of the Dungeon
  4689 | D:5      | Reached skill level 5 in Conjurations
  5076 | D:5      | Reached skill level 8 in Air Magic
  5579 | D:6      | Noticed a troll
  5592 | D:6      | Killed a troll
  5593 | D:6      | Reached skill level 9 in Air Magic
  5851 | D:6      | Reached XP level 9. HP: 62/62 MP: 13/13
  6196 | D:6      | Identified the +1 ring mail of Dim Light {Str+4}
  6540 | D:7      | Noticed Maggie
  6559 | D:7      | Killed Maggie
  6560 | D:7      | Reached skill level 10 in Air Magic
  6887 | D:7      | Reached skill level 11 in Air Magic
  7727 | D:7      | Found a staircase to the Ecumenical Temple.
  8213 | Temple   | Entered the Ecumenical Temple
  8892 | D:8      | Reached skill level 12 in Air Magic
  9362 | D:8      | Found Ceneakei's Armour Boutique.
  9365 | D:8      | Bought a +1 pair of gloves of stealth for 231 gold pieces
 10160 | D:9      | Found an iron altar of Okawaru.
 10172 | D:9      | Reached skill level 13 in Air Magic
 10397 | D:9      | Noticed a two-headed ogre
 10408 | D:9      | Killed a two-headed ogre
 10409 | D:9      | Reached XP level 10. HP: 69/69 MP: 4/14
 11082 | D:9      | Reached skill level 14 in Air Magic
 11519 | D:10     | Entered Level 10 of the Dungeon
 11629 | D:10     | Noticed a two-headed ogre
 11633 | D:10     | Killed a two-headed ogre
 11782 | D:10     | Found a staircase to the Lair.
 11845 | D:10     | Noticed a five-headed hydra
 11850 | D:10     | Killed a five-headed hydra
 11850 | D:10     | Reached * piety under Dithmenos
 11851 | D:10     | Reached skill level 15 in Air Magic
 12070 | D:10     | Noticed a two-headed ogre
 12074 | D:10     | Killed a two-headed ogre
 12604 | D:10     | Learned a level 5 spell: Freezing Cloud
 12674 | D:10     | Reached skill level 16 in Air Magic
 13185 | Lair:1   | Entered Level 1 of the Lair of Beasts
 13191 | Lair:1   | Reached XP level 11. HP: 74/74 MP: 8/15
 14271 | Lair:1   | Reached skill level 1 in Ice Magic
 14807 | Lair:1   | Reached ** piety under Dithmenos
 14820 | Lair:1   | Reached skill level 5 in Spellcasting
 15671 | Lair:2   | Found a runed translucent door.
 15671 | Lair:2   | Noticed Ramargh's ghost (journeyman TrBe)
 15726 | Lair:2   | Found a hole to the Spider Nest.
 15765 | Lair:2   | Identified the amulet of Lotuezxe {Reflect rElec SH+5}
 16757 | Lair:2   | Noticed a boulder beetle
 16780 | Lair:2   | Killed a boulder beetle
 16781 | Lair:2   | Reached XP level 12. HP: 64/81 MP: 19/20
 17178 | Lair:2   | Noticed a four-headed hydra
 17182 | Lair:2   | Killed a four-headed hydra
 17183 | Lair:2   | Reached skill level 17 in Air Magic
 17473 | Lair:2   | Found a blossoming altar of Fedhas.
 18244 | Lair:3   | Reached skill level 5 in Ice Magic
 18715 | Lair:3   | Found a runed translucent door.
 18719 | Lair:3   | Noticed mrw3rdna's ghost (journeyman OgFE)
 18974 | Lair:3   | Identified the +1 trident of Puceank {spect, rElec rF+ rC-
                  | Dex+3}
 19003 | Lair:4   | Found a staircase to the Shoals.
 19007 | Lair:4   | Reached *** piety under Dithmenos
 19275 | Lair:4   | Noticed a five-headed hydra
 19281 | Lair:4   | Killed a five-headed hydra
 19714 | Lair:4   | Reached skill level 10 in Evocations
 20083 | Lair:4   | Noticed a death yak
 20084 | Lair:4   | Noticed a death yak
 20086 | Lair:4   | Noticed a death yak
 20086 | Lair:4   | Noticed a death yak
 20124 | Lair:3   | Killed a death yak
 21209 | Lair:4   | Killed a death yak
 21211 | Lair:4   | Killed a death yak
 21215 | Lair:4   | Killed a death yak
 21582 | Lair:4   | Reached XP level 13. HP: 86/86 MP: 23/24
 21631 | Lair:4   | Learned a level 4 spell: Summon Lightning Spire
 21940 | Lair:4   | Learned a level 5 spell: Lightning Bolt
 22378 | Lair:5   | Noticed Josephine
 22429 | Lair:5   | Reached skill level 1 in Summonings
 22684 | Lair:5   | Killed Josephine
 22729 | Lair:5   | Reached skill level 18 in Air Magic
 23819 | Lair:5   | Reached **** piety under Dithmenos
 25135 | Lair:5   | Found a staircase to the Slime Pits.
 25342 | Lair:6   | Entered Level 6 of the Lair of Beasts
 25414 | Lair:6   | Killed from afar by a rime drake

Illustrated notes

Levels and vault maps discovered:
D:1:      dpeg_arrival_rhombus, layout_loops_ring, minmay_tripent
D:2:      layout_rooms, nrook_loot_triangle,
          nicolae_concentric_dashed_squares_wild, uniq_natasha
D:3:      layout_rooms, old_standard_altar,
          dreamdust_ecumenical_altar_angels_and_demons, minivault_11
D:4:      layout_basic, mainiacjoe_overflow_alcove_3, uniq_ijyb, uniq_pikel,
          uniq_grinder, uniq_crazy_yiuf_cottage
D:5:      layout_gridville
D:6:      layout_loops_cross
D:7:      layout_loops_corners, minmay_temple_entry_offerings,
          kennysheep_opposing_triangles, uniq_maggie
D:8:      layout_basic, serial_shops, kennysheep_mini_moat
D:9:      layout_basic, okawaru_metal_pillars_1_2
D:10:     layout_grid_maze, lair_entry_dummy
Temple:   nicolae_temple_elliptical
Lair:1:   layout_gridlike, nicolae_lair_liquid_snakes
Lair:2:   layout_gridlike, spider_nest_entry_web_field,
          hellmonk_ghost_happy_afterlife, hangedman_tree_tricks,
          beast_lair_carwin_8
Lair:3:   layout_misc_corridors, ebering_ghost_funeral_grove
Lair:4:   layout_loops_ring, minmay_shoals_entry_beasts, eino_house_with_fridge
Lair:5:   minmay_lair_venomous_thicket, layout_hall_layers,
          nicolae_slime_entry_slimehenge, uniq_josephine
Lair:6:   hellmonk_lair_end_abyssal_woods, layout_hall_layers,
          gammafunk_ghost_split, grunt_megastairs_5

Skill      XL: |  1  2  3  4  5  6  7  8  9 10 11 12 13 |
---------------+----------------------------------------+-----
Evocations     | 1 2 3 4 5 6 8 10 11 | 11.6
Air Magic      | 4 5 6 7 9 13 16 17 18 | 18.3
Conjurations   | 2 3 4 5 |  5.4
Spellcasting   | 3 5 7 8 |  8.7
Ice Magic      | 4 6 |  6.7
Summonings     | 4 |  4.3
Dodging        | |  1.7
Stealth        | |  1.7

Action                   |  1- 3 |  4- 6 |  7- 9 | 10-12 | 13-15 || total
-------------------------+-------+-------+-------+-------+-------++-------
Melee: Short sword       |     6 |    20 |       |       |       ||    26
       Unarmed           |     5 |       |       |       |       ||     5
       Tailslap          |     2 |     6 |     5 |    12 |     1 ||    26
       Whip              |       |       |    34 |       |       ||    34
       Staff             |       |       |       |    50 |    14 ||    64
       Punch             |       |       |       |       |     1 ||     1
 Cast: Shock             |    73 |   139 |   129 |       |       ||   341
       Airstrike         |       |       |    75 |   223 |    69 ||   367
       Freezing Cloud    |       |       |       |    34 |    12 ||    46
       Lightning Bolt    |       |       |       |       |    12 ||    12
       Summon Lightning  |       |       |       |       |     7 ||     7
 Abil: Breathe Steam     |       |       |     7 |     7 |     1 ||    15
  Use: Scroll            |       |       |    13 |     7 |     3 ||    23
       Potion            |       |       |     3 |       |       ||     3
 Stab: Distracted        |       |       |       |       |     1 ||     1
Armor: Skin              |     8 |    13 |    19 |    24 |    27 ||    91
Dodge: Dodged            |    18 |    37 |    50 |    49 |    43 ||   197
Block: Other             |       |       |       |     1 |    15 ||    16
       Orb               |       |       |       |     8 |       ||     8
